Unix NetHack Version 5.0.0-0 post-release - last build Jun 10 2026 00:39:30 (3ee93aec679c4c4259841fe613dc97188e26a321,branch:main).

Game began 2026-07-08 16:49:10, ended 2026-07-08 17:33:59.

DiePARTEI, neutral female human Tourist

              -------
              |.....|    ----------------                             --------
              |.....|    |..............|                         ####-......|
              |.....|   #----n..........+                       ###   |......|
            ##.^....|   #|..............|                     ###   ##.......|
            # --.----   #------|---------               #######       |.....<|
          ###   ####    #    ###               ##########             --------
          #        #   ##   -|---              #----------------
 -----#####        ##  #    |..^.#             #-.....>........|
 |[=.-#             ## #    |...|####        ###|.............)-#
 |/(.|               # #    |...----############|..............|#
 |/%)|               # #    |......| ##----- #  |..............|#
 -----          -----|-#    |..^^..-###|...| #  ----------------##
                |......#    |....^.| # |(.`|##########################
                |..(..|     |...---- ##.....#                     ##--------
                |......     |..x|      |...|#                      #|......|
                -------     |...|      -----                       #...)...|
                            -----                                   --------

DiePARTEI the Excursionist  St:10 Dx:18 Co:14 In:11 Wi:8 Ch:15  Neutral
Dlvl:4  $:551 HP:0(46) Pw:20(20) AC:1  Xp:6 T:2268  Burdened

Latest messages:
 You have a little trouble lifting D - a faded pall.
 What do you want to take off? [uMN or ?*] ?
 You can't.  It is cursed.
 What do you want to wear? [*] <enter>
 Never mind.
 A cloud of gas puts you to sleep!
 You dream that you hear the chime of a cash register.
 You dream that you hear the chime of a cash register.
 You wake up.
 You find a hidden door.
 In what direction? 1
 As you kick the door, it crashes open!
 You swap places with your housecat.
 The door resists!
 The door opens.
 "Aloha, DiePARTEI!  Welcome to Annootok's general store!"
 "Will you please leave your pick-axe outside?"
 What do you want to drop? [$a-ce-mq-wzA-IK-Z or ?*] U
 You drop a pick-axe.
 "Aloha, DiePARTEI!  Welcome again to Annootok's general store!"
 You see here a blindfold (for sale, 27 zorkmids).
 You see here a topaz ring (for sale, 533 zorkmids).
 You see here a ring mail (for sale, 133 zorkmids).
 You see here a maple wand (for sale, 267 zorkmids).
 You see here a silver wand (for sale, 200 zorkmids).
 You see here a tripe ration (for sale, 20 zorkmids).
 You see here a blindfold (for sale, 27 zorkmids).
 You drop 11 runed arrows.
 Annootok offers 6 gold pieces for your runed arrows.  Sell them? [ynaq] (n) a
 11 elven arrows; you sold them for 6 gold pieces.
 You drop a crude dagger.
 An orcish dagger; you sold it for 1 gold piece.
 You see here a pick-axe.
 You have a little trouble lifting U - a pick-axe.
 You swap places with your housecat.
 You stop.  Your large cat is in the way!
 You hear a horn being played nearby.
 The bolt of cold whizzes by you!
 The bolt of cold whizzes by you!
 The mountain nymph stole 9 uncursed food rations.
 The mountain nymph vanishes!
 The mountain nymph plays a frost horn directed at you!
 The bolt of cold hits you!
 The bolt of cold hits you!
 You die...
 Do you want your possessions identified? [ynq] (y) y
 Do you want to see your attributes? [ynq] (y) y
 Do you want an account of creatures vanquished? [ynaq] (y) y
 Do you want to see your conduct and achievements? [ynq] (y) y
 Do you want to see the dungeon overview? [ynq] (y) y

Inventory:
 Coins    ('$')
  $ - 551 gold pieces
 Weapons  (')')
  a - 10 blessed +2 darts (at the ready)
  Z - a blessed +1 dart
  V - a rustproof +0 dart
  Q - 62 +0 darts
 Armor    ('[')
  u - a blessed +1 orcish helm (being worn)
  M - an uncursed +0 pair of iron shoes (being worn)
  R - an uncursed +0 pair of low boots
  N - a cursed +0 dwarvish cloak (being worn)
  D - an uncursed +0 elven cloak
  k - an uncursed +0 Hawaiian shirt with a sailboat motif (being worn)
  F - a blessed +1 scale mail (being worn)
 Comestibles  ('%')
  K - a cursed slime mold
  g - 2 uncursed apples
  A - an uncursed food ration
  e - 3 uncursed pancakes
  W - an uncursed sprig of wolfsbane
  B - an uncursed tripe ration
  s - an uncursed lichen corpse
 Scrolls  ('?')
  q - an uncursed scroll of destroy armor
  j - 3 uncursed scrolls of magic mapping
 Potions  ('!')
  G - an uncursed potion of gain energy
  S - an uncursed potion of healing
  E - an uncursed potion of invisibility
  z - an uncursed potion of water
 Rings    ('=')
  r - an uncursed ring of poison resistance
 Tools    ('(')
  i - a bag of tricks (0:5)
  m - an uncursed credit card
  l - an expensive camera (0:67)
  U - a +0 pick-axe
  O - an uncursed stethoscope
 Gems/Stones  ('*')
  Y - an uncursed dilithium crystal
  I - 2 uncursed fluorite stones
  P - an uncursed obsidian stone
  b - a cursed obsidian stone
  w - a cursed topaz stone
  L - 3 uncursed worthless pieces of orange glass
  h - 3 uncursed worthless pieces of violet glass
  T - a cursed worthless piece of violet glass
  H - 4 uncursed worthless pieces of white glass
  X - a cursed worthless piece of white glass
  C - an uncursed worthless piece of yellowish brown glass
  f - a cursed worthless piece of yellowish brown glass

DiePARTEI the Tourist's attributes:

Background:
 You were an Excursionist, a level 6 female human Tourist.
 You were neutral, on a mission for The Lady
 who was opposed by Blind Io (lawful) and Offler (chaotic).
 You were right-handed.
 You were in the Dungeons of Doom, on level 4.
 You entered the dungeon 2268 turns ago.
 You had 347 experience points, 293 more were needed to attain level 7.

Basics:
 You had 0 out of 46 hit points.
 You had all 20 energy points (spell power).
 Your armor class was 1.
 Your wallet contained 551 zorkmids.
 Autopickup was off.

Final Characteristics:
 Your strength was 10 (limit:18/100).
 Your dexterity was 18 (limit:18).
 Your constitution was 14 (limit:18).
 Your intelligence was 11 (limit:18).
 Your wisdom was 8 (limit:18).
 Your charisma was 15 (limit:18).

Final Status:
 You weren't hungry.
 You were burdened; movement was slightly slowed.
 You were bare handed.
 You had basic skill with bare handed combat.

Final Attributes:
 You were devoutly aligned.
 Your items were somewhat protected from fire.
 Your items were somewhat protected from cold.
 You were telepathic.
 You were warded.
 You were fast.
 You are dead.

Miscellaneous:
 You didn't encounter any bones levels.
 Total elapsed playing time was 44 minutes and 49 seconds.

Major events:
 Turn
    1: DiePARTEI the neutral female human Tourist entered the dungeon
  485: entered the Gnomish Mines
  524: attained the rank of Sightseer (level 3)
 1126: reached Mine Town
 1572: attained the rank of Excursionist (level 6)
 2268: killed by a bolt of cold played by a mountain nymph

You didn't know any spells.

Skills:
 Fighting Skills
   bare handed combat [Basic]
   two weapon combat  [Unskilled]
   riding             [Unskilled]
 Weapon Skills
   dagger             [Unskilled]
   knife              [Unskilled]
   axe                [Unskilled]
   pick-axe           [Unskilled]
   short sword        [Unskilled]
   broadsword         [Unskilled]
   long sword         [Unskilled]
   two-handed sword   [Unskilled]
   saber              [Unskilled]
   mace               [Unskilled]
   morning star       [Unskilled]
   flail              [Unskilled]
   hammer             [Unskilled]
   quarterstaff       [Unskilled]
   polearms           [Unskilled]
   spear              [Unskilled]
   trident            [Unskilled]
   lance              [Unskilled]
   bow                [Unskilled]
   sling              [Unskilled]
   crossbow           [Unskilled]
   dart               [Basic]
   shuriken           [Unskilled]
   boomerang          [Unskilled]
   whip               [Unskilled]
   unicorn horn       [Unskilled]
 Spellcasting Skills
   divination spells  [Unskilled]
   enchantment spells [Unskilled]
   escape spells      [Unskilled]

Voluntary challenges:
 Character rerolling was not enabled.
 You never hit with a wielded weapon.
 You never genocided any monsters.
 You never polymorphed an object.
 You never changed form.
 You used no wishes.
Achievements:
 You entered a shop.
 You entered the Gnomish Mines.
 You attained the rank of Sightseer.
 You entered Minetown.
 You attained the rank of Excursionist.

 The Dungeons of Doom: levels 1 to 4
    Level 1:
       A grave.
    Level 2:
       A food shop, some fountains.
       Stairs down to The Gnomish Mines.
    Level 3:
       A fountain.
    Level 4: <- You were here.
       A general store.
       Final resting place for
          you, killed by a bolt of cold played by a mountain nymph.
 The Gnomish Mines: levels 3 to 6
    Level 3:
    Level 4:
    Level 5:
    Level 6:


Vanquished creatures:
  6 gnome leaders
  a gnomish wizard
 an elf zombie
  a straw golem
  4 giant ants
  3 floating eyes
  6 dwarves
  2 homunculi
 an acid blob
  a coyote
  a gas spore
  a hobgoblin
  2 giant rats
  4 cave spiders
 23 gnomes
  2 garter snakes
  2 geckos
  a jackal
  2 foxes
  a kobold
  a goblin
  3 grid bugs
  9 lichens
  3 newts
81 creatures vanquished.

No species were genocided or became extinct.

Game over:
                       ----------
                      /          \
                     /    REST    \
                    /      IN      \
                   /     PEACE      \
                  /                  \
                  |    DiePARTEI     |
                  |      551 Au      |
                  | killed by a bolt |
                  |  of cold played  |
                  |  by a mountain   |
                  |      nymph       |
                  |       2026       |
                 *|     *  *  *      | *
        _________)/\\_//(\/(/\)/\//\/|_)_______

Aloha DiePARTEI the Tourist...

You died in The Dungeons of Doom on dungeon level 4 with 1688 points,
and 551 pieces of gold, after 2268 moves.
You were level 6 with a maximum of 46 hit points when you died.

